Map: Tokamak LE

Players

Sindyr

  • Race: Zerg Zerg
  • League: Master
  • Spawn Location: 7:00

BoXeuR - Winner!

  • Race: Protoss Protoss
  • League: Master
  • Spawn Location: 1:00

VOD

Have the link to the VOD?

Description

Time

  • Played on: Oct. 14, 2025, 11:16 a.m.
  • Length: 5:34
Show
View Real Time Build Order
Export as new Build Order

Sindyr Zerg 

Build Orders: Pool First 

Get SALT Encoding   

  12  0:02  Drone  
  13  0:12  Drone  
  14  0:16  Overlord  
  14  0:24  Extractor, Drone  
  14  0:35  Drone  
  15  0:39  Drone  
  16  0:48  Spawning Pool  
  15  0:52  Drone  
  17  0:57  Drone  
  17  1:23  Hatchery  
  16  1:26  Drone  
  16  1:29  Drone  
  18  1:34  Extractor  
  17  1:47  Drone  
  17  1:48  Drone  
  17  1:50  Drone  
  20  2:00  Metabolic Boost  
  20  2:08  Queen  
  20  2:14  Overlord  
  22  2:35  Queen  
  24  2:38  Zergling x4  
  24  2:39  Zergling x2  
  24  2:44  Zergling x2  
  28  2:50  Drone  
  29  2:56  Drone  
  29  3:06  Drone x2  
  29  3:10  Drone  
  32  3:32  Drone x2  
  32  3:33  Drone  
  35  3:35  Hatchery  
  35  3:38  Overlord  
  34  3:47  Lair  
  34  3:58  Queen  
  36  4:05  Drone x3  
  36  4:08  Drone  
  40  4:11  Drone  
  41  4:21  Roach Warren  
  41  4:23  Extractor  
  39  4:42  Spine Crawler  
  39  4:45  Spine Crawler  
  37  4:50  Zergling x6, Spine Crawler  
  37  4:51  Zergling x2  
  37  4:52  Spine Crawler  
  39  4:54  Zergling x2  
  39  4:56  Zergling x2  
  41  5:09  Overseer  
Show
View Real Time Build Order
Export as new Build Order

BoXeuR Protoss - Winner!

Build Orders:  

Get SALT Encoding   

  12  0:00  Probe  
  13  0:12  Probe  
  14  0:23  Pylon  
  14  0:25  Probe  
  15  0:41  Probe  
  16  0:43  Gateway  
  16  0:51  Gateway  
  16  0:56  Assimilator  
  16  0:58  Probe  
  17  1:10  Probe  
  18  1:18  Probe  
  19  1:26  Probe  
  19  1:32  Cybernetics Core  
  20  1:36  Pylon, Probe  
  21  1:40  Zealot  
  21  1:45  Assimilator  
  23  1:54  Probe  
  23  2:00  Warp Gate  
  23  2:01  Zealot  
  26  2:06  Probe  
  27  2:15  Stalker  
  29  2:32  Twilight Council  
  29  2:37  Pylon  
  29  2:38  Stalker  
  31  2:55  Stalker  
  33  3:05  Charge  
  33  3:10  Gateway  
  33  3:15  Pylon  
  33  3:21  Forge  
  33  3:26  Zealot  
  35  3:30  Zealot  
  37  4:05  Zealot  
  37  4:06  Zealot x2  
  43  4:18  Nexus  
  43  4:46  Pylon  
  43  4:47  Pylon  
  43  5:19  Zealot x3  
Tags
 
Matchup
PvZ
Opening
Pool First
Replay Pack
Multiplayer
Spawn Locations
Cross Positions
Add a new tag
Caveats
  • Supply blocks, unpowered buildings, or Contaminate may cause inaccurate times.
  • Supply counts are checked every 10 seconds.